 Dungeon Crawl Stone Soup version 0.17-a0-1655-g88a8506 (webtiles) character file.

786 kae the Conjurer (level 7, -3/36 HPs)
             Began as a Tengu Fire Elementalist on Aug 15, 2015.
             Slain by a water moccasin (7 damage)
             ... on level 6 of the Dungeon.
             The game lasted 00:10:32 (6823 turns).

kae the Conjurer (Tengu Fire Elementalist)          Turns: 6823, Time: 00:10:32

Health: -3/36      AC:  3    Str:  8    XL:     7   Next: 86%
Magic:  9/14       EV: 12    Int: 17    God:
Gold:   321        SH:  0    Dex: 15    Spells: 5 memorised, 1 level left

rFire  . . .     SeeInvis .     m - +0 spear
rCold  . . .     Clarity  .     a - +1 robe
rNeg   . . .     SustAt   .     (no shield)
rPois  .         Gourm    .     (helmet restricted)
rElec  .         Spirit   .     (no cloak)
rCorr  .         Warding  .     (no gloves)
rMut   .         Stasis   .     (boots unavailable)
MR     .....                    (no amulet)
Stlth  ++........               (no ring)
                                (no ring)

@: not resistant to hostile enchantments, unstealthy
A: beak, talons 3, able to fly 1
a: Fly


You were on level 6 of the Dungeon.
You were very hungry.

You visited 1 branch of the dungeon, and saw 6 of its levels.
You also visited: Ossuary.

You collected 321 gold pieces.

Inventory:

Hand weapons
 m - a +0 spear (weapon)
Armour
 a - a +1 robe (worn)
Scrolls
 e - a scroll of fear
 j - 3 scrolls of noise
 l - a scroll of identify
 n - 5 scrolls of remove curse
 u - 2 scrolls of magic mapping
 w - a scroll of immolation
Potions
 f - 4 potions of curing
 g - a potion of lignification {unknown}
 h - 2 potions of brilliance {unknown}
 i - 2 potions of flight {unknown}
 k - 3 potions of heal wounds {unknown}
 r - a potion of magic {unknown}
 s - a potion of resistance {unknown}
 t - 2 potions of ambrosia
 z - a potion of invisibility {unknown}
Books
 b - a book of Flames

   Spells                             Type                      Level
   a - Flame Tongue                   Conjuration/Fire             1
   b - Throw Flame                    Conjuration/Fire             2
   c - Conjure Flame                  Conjuration/Fire             3
   d - Inner Flame                    Hexes/Fire                   3
   e - Sticky Flame                   Conjuration/Fire             4
   f - Fireball                       Conjuration/Fire             5
Comestibles
 c - 2 bread rations
 d - a meat ration
 q - a royal jelly


   Skills:
 - Level 2.1 Dodging
 - Level 2.0 Stealth
 + Level 4.0 Spellcasting
 * Level 7.1 Conjurations
 * Level 6.6 Fire Magic


You had one spell level left.
You knew the following spells:

 Your Spells              Type           Power        Failure   Level  Hunger
a - Flame Tongue          Conj/Fire      ####.        1%          1    None
b - Throw Flame           Conj/Fire      ####..       1%          2    ##.....
c - Conjure Flame         Conj/Fire      ####....     3%          3    ###....
d - Sticky Flame          Conj/Fire      ####....     12%         4    ####...
e - Inner Flame           Hex/Fire       ##......     14%         3    ###....


Dungeon Overview and Level Annotations

Branches:
Dungeon (6/15)
 Temple: D:4-7

Altars:
Elyvilon
Gozag
Trog
Zin

Shops:
D:5 =


Innate Abilities, Weirdness & Mutations

You have a beak for a mouth.
You have claws for feet.
You can fly.


Message History

The water moccasin barely misses you.
The water moccasin burns!
The water moccasin bites you!
* * * LOW HITPOINT WARNING * * *
You are lethally poisoned!
The water moccasin poisons you!
Found 8 gold pieces.
Drink which item? (? for menu, Esc to quit)
You feel better.
The water moccasin burns!
The water moccasin closely misses you.
Casting: Sticky Flame
Confirm with . or Enter, or press ? or * to list all spells.
Aiming: Flame Tongue
Press: ? - help, Shift-Dir - straight line, f/p - water moccasin
Aim: a water moccasin (severely wounded, covered in liquid flames)
The flame tongue hits the water moccasin.
The water moccasin is severely wounded.
The water moccasin burns!
The water moccasin bites you!
* * * LOW HITPOINT WARNING * * *
The water moccasin bites you!
You die...

#....#
######....#
..........#######
.........<.......
.................
.....#l#...?....
.... #F#........
.. #S#........
#@#...5...$
#..........
...........
...#.......
.##.#...... ..
......... #. #.#
..... # ..$ .....


You could see a water moccasin (burning), a giant frog and a giant newt.

Vanquished Creatures
  A sky beast (D:5)
  2 centaur zombies (Ossuary)
  An orc priest (D:4)
  2 human zombies (Ossuary)
  A centaur skeleton (D:5)
  4 worker ants
  An orc wizard (D:4)
  A hound skeleton (D:4)
  3 mummies (Ossuary)
  Robin (D:3)
  10 adders
  8 gnolls (D:4)
  3 oozes
  3 worms
  17 orcs
  5 giant cockroaches
  9 hobgoblins
  9 jackals
  8 quokkas
  8 bats
  5 giant geckos
  5 giant newts
  2 gnoll zombies (Ossuary)
  16 goblins
  16 kobolds
  2 orc zombies (Ossuary)
  10 rats
153 creatures vanquished.

Notes
Turn   | Place    | Note
--------------------------------------------------------------
     0 | D:1      | kae the Tengu Fire Elementalist began the quest for the Orb.
     0 | D:1      | Reached XP level 1. HP: 10/10 MP: 4/4
    83 | D:1      | Reached XP level 2. HP: 6/15 MP: 1/6
   682 | D:1      | Reached XP level 3. HP: 12/19 MP: 5/7
   689 | D:1      | Learned a level 2 spell: Throw Flame
  1257 | D:2      | Reached skill level 4 in Fire Magic
  1453 | D:2      | Reached XP level 4. HP: 15/24 MP: 1/8
  2094 | D:3      | Gained mutation: You can fly. [Tengu growth]
  2094 | D:3      | Reached XP level 5. HP: 28/28 MP: 3/9
  2309 | D:3      | Found an opulent altar of Gozag.
  2908 | D:3      | Learned a level 3 spell: Conjure Flame
  2912 | D:3      | Learned a level 3 spell: Inner Flame
  2915 | D:3      | Noticed Robin
  2955 | D:3      | Killed Robin
  2955 | D:3      | Reached skill level 5 in Fire Magic
  3283 | D:4      | Reached skill level 5 in Conjurations
  3331 | D:4      | Reached XP level 6. HP: 25/32 MP: 5/11
  3584 | D:4      | Found a sand-covered staircase.
  3589 | Ossuary  | Entered an ossuary
  4501 | D:4      | Reached XP level 7. HP: 36/36 MP: 8/13
  4813 | D:4      | Reached skill level 6 in Conjurations
  5459 | D:5      | Entered Level 5 of the Dungeon
  5537 | D:5      | Found a white marble altar of Elyvilon.
  5607 | D:5      | Found a bloodstained altar of Trog.
  5858 | D:5      | Found a bloodstained altar of Trog.
  6099 | D:5      | Found Reoran's Jewellery Shoppe.
  6188 | D:5      | Reached skill level 7 in Conjurations
  6262 | D:5      | Learned a level 4 spell: Sticky Flame
  6286 | D:5      | Found a glowing silver altar of Zin.
  6823 | D:6      | Slain by a water moccasin

Vault maps used:
D:1:      ncdulo_wetmaze
D:3:      kennysheep_goblin_castle, nicolae_overflow_hidden_temple,
          grunt_gozag_breadcrumbs
D:4:      first_bread, enter_ossuary_1, hangedman_feature_mirror
D:5:      lemuel_doored_altar, zin_scriptorium, basic_altar, serial_shops,
          kennysheep_mini_moat, minmay_misc_feat_square, dk_noncrumbling_3,
          trog_butcher_becter
D:6:      old_forge, uniq_eustachio
Ossuary:  ossuary_crypta

Action                   |  1- 3 |  4- 6 |  7- 9 || total
-------------------------+-------+-------+-------++-------
Melee: Unarmed           |     5 |       |       ||     5
       Short sword       |    29 |       |       ||    29
       Spear             |       |    47 |    35 ||    82
 Cast: Flame Tongue      |    53 |   150 |    89 ||   292
       Throw Flame       |       |     8 |     5 ||    13
       Inner Flame       |       |     1 |       ||     1
       Conjure Flame     |       |     1 |       ||     1
       Sticky Flame      |       |       |     1 ||     1
  Use: Scroll            |       |       |    13 ||    13
       Potion            |       |       |     2 ||     2
 Stab: Sleeping          |     1 |     1 |     2 ||     4
  Eat: Chunk             |     2 |     8 |     3 ||    13
       Meat ration       |       |     1 |       ||     1
       Pizza             |       |       |     1 ||     1
